 Dungeon Crawl Stone Soup version 0.29.1 (webtiles) character file.

Game seed: 3650593786149322570

6402 QueenGhuleh the Spear-Bearer (level 10, -7/91 HPs)
             Began as a Minotaur Berserker on Sept 13, 2022.
             Was a High Priest of Trog.
             Killed by divine providence
             ... invoked by an orc priest
              (16 damage)
             ... on level 10 of the Dungeon.
             The game lasted 00:24:13 (9599 turns).

QueenGhuleh the Spear-Bearer (Minotaur Berserker)   Turns: 9599, Time: 00:24:13

Health: -7/91      AC: 18    Str: 26    XL:     10   Next: 66%
Magic:  9/9        EV:  8    Int:  4    God:    Trog [*****.]
Gold:   388        SH:  0    Dex: 10    Spells: 9/9 levels left

rFire   . . .      SeeInvis +   K - +0 eveningstar
rCold   . . .      Faith    +   (no shield)
rNeg    . . .      Spirit   .   i - +0 plate armour
rPois   .          Reflect  .   (helmet restricted)
rElec   .          Harm     .   (no cloak)
rCorr   .          Rampage  .   (no gloves)
Will    .....                   (no boots)
Stlth   ..........              l - amulet of faith
HPRegen 0.25/turn               h - +4 ring of protection
MPRegen 0.11/turn               u - ring of see invisible

@: on berserk cooldown, slowed, very slow
A: horns 2, retaliatory headbutt
a: Renounce Religion, Berserk, Trog's Hand, Brothers in Arms


You were on level 10 of the Dungeon.
You worshipped Trog.
Trog was extremely pleased with you.
You visited 1 branch of the dungeon, and saw 10 of its levels.

You collected 388 gold pieces.

Inventory:

Hand Weapons
 y - the +5 flail of Moral Flaws {vorpal, rPois}
   (You found it on level 5 of the Dungeon)

   It inflicts extra damage upon your enemies.
   rPois:     It protects you from poison.
 A - a +2 halberd
 K - a +0 eveningstar (weapon)
Missiles
 x - 3 throwing nets (quivered)
Armour
 i - a +0 plate armour (worn)
Jewellery
 h - a +4 ring of protection (left hand)
 l - an amulet of faith (around neck)
 u - a ring of see invisible (right hand)
Wands
 p - a wand of flame (10)
 E - a wand of charming (3)
 G - a wand of polymorph (3)
 H - a wand of roots (11)
 I - a wand of quicksilver (11)
Scrolls
 b - 2 scrolls of amnesia {unknown}
 d - 2 scrolls of enchant armour {unknown}
 e - a scroll of fog {unknown}
 f - 3 scrolls of blinking {unknown}
 g - a scroll of summoning {unknown}
 k - 3 scrolls of noise {unknown}
 n - 7 scrolls of identify {unknown}
 o - a scroll of fear {unknown}
 q - 3 scrolls of poison {unknown}
 t - 2 scrolls of magic mapping {unknown}
 z - a scroll of silence {unknown}
 C - 3 scrolls of teleportation {unknown}
 F - 2 scrolls of enchant weapon {unknown}
Potions
 a - 3 potions of brilliance {unknown}
 c - 3 potions of heal wounds {unknown}
 j - 6 potions of flight {unknown}
 m - a potion of magic {unknown}
 r - 2 potions of lignification {unknown}
 s - a potion of might {unknown}
 v - 2 potions of mutation {unknown}
 w - a potion of cancellation {unknown}
 B - 3 potions of degeneration {unknown}
 D - a potion of attraction {unknown}
 J - 2 potions of haste {unknown}


   Skills:
 + Level 9.4 Fighting
 + Level 7.5(10.9) Axes
 + Level 3.3(5.9) Maces & Flails
 + Level 11.7(12.6) Polearms
 + Level 9.8 Armour
 + Level 3.6 Dodging
 + Level 1.6 Stealth


You had 9 spell levels left.
You didn't know any spells.
Your spell library was empty.

Dungeon Overview and Level Annotations

Branches:
Dungeon (10/15)
 Temple: D:4-7         Lair: D:8-11         Orc: D:9-12

Altars:
Ashenzari
Cheibriados
Fedhas
Hepliaklqana
Kikubaaqudgha
Makhleb
Okawaru
Qazlal
Ru
Vehumet
Wu Jian
Xom
Zin

Shops:
D:5 [   D:6 =

Annotations:
D:6 1 runed translucent door, funnyparkerb's ghost, novice MfMo
D:9 1 runed translucent door, Fractals's ghost, novice HuCj


Innate Abilities, Weirdness & Mutations

You have a pair of horns on your head.
You reflexively headbutt those who attack you in melee.


Message History

You feel your anger nearly subside.
You are no longer berserk.
You are exhausted.
You feel yourself slow down.
The orc priest shouts!
You hear an angry buzzing noise. x3
The orc priest invokes the aid of Beogh against you.
Beogh smites you!
* * * LOW HITPOINT WARNING * * *
The orc priest hits you but does no damage.
You hear an angry buzzing noise. x2
You puncture the orc priest! You headbutt the orc priest!
You kill the orc priest!
Trog accepts your kill.
You hear an angry buzzing noise. x3
You hear an angry buzzing noise. x2
You hear an angry buzzing noise. x3
The orc priest hits you but does no damage.
The orc priest calls down the wrath of Beogh upon you.
Beogh smites you!
* * * LOW HITPOINT WARNING * * *
You hear an angry buzzing noise.
You hit the orc priest. Your headbutt misses the orc priest.
The orc priest is lightly wounded.
The orc priest hits you with a +0 dagger.
* * * LOW HITPOINT WARNING * * *
You hit the orc priest.
The orc priest is lightly wounded.
The orc priest hits you but does no damage. x2
You closely miss the orc priest.
The orc priest is lightly wounded.
The orc priest hits you but does no damage.
The orc priest miscasts a cantrip.
You hit the orc priest but do no damage.
Your headbutt misses the orc priest.
The orc priest is lightly wounded.
The orc priest barely misses you. x2
You puncture the orc priest!
The orc priest is severely wounded.
The orc priest calls down the wrath of Beogh upon you.
Beogh smites you!
You die...

#.###......# +.#
#......# #.#
#......# #.#
#......# #.#
#......# . #.#
#......# ...
#)###......#
....#?.....)...##
.......†)†...@...#
.........####o...#
.......### ##...#
........ #..#
##+##.## #.# .. .#
... .# ...


You could see an orc priest.

Vanquished Creatures
  Pikel (D:8)
  6 yaks (D:9)
  A wraith (D:9)
  Grum (D:8)
  3 steam dragons
  2 acid dragons
  2 water moccasins
  2 sky beasts (D:7)
  An ice beast (D:7)
  3 orc warriors
  A black bear (D:6)
  An ogre (D:6)
  3 wolves (D:8)
  3 centaurs (D:9)
  A lemure (D:8)
  4 bullfrogs
  4 kobold brigands
  2 necrophages
  A gnoll sergeant (D:7)
  3 scorpions
  4 wights (D:6)
  7 killer bees
  4 howler monkeys
  A crimson imp (D:6)
  4 hounds
  3 jellies
  10 orc priests
  4 quasits (D:8)
  2 gnoll boudas
  An iguana (D:7)
  6 orc wizards
  15 gnolls
  5 adders
  5 shadow imps
  2 white imps
  An ufetubus (D:5)
  2 dart slugs (D:1)
  31 orcs
  5 bats
  7 endoplasms
  4 giant cockroaches
  7 goblins
  11 hobgoblins
  2 jackals (D:3)
  2 quokkas
  6 ball pythons
  4 frilled lizards
  25 kobolds
  4 rats
229 creatures vanquished.

Vanquished Creatures (others)
  7 demonic plants (D:8)
  2 withered plants (D:9)
9 creatures vanquished.

Grand Total: 238 creatures vanquished

Notes
Turn   | Place    | Note
-------+----------+-------------------------------------------
     0 | D:1      | QueenGhuleh the Minotaur Berserker began the quest for the
                  | Orb.
     0 | D:1      | Reached XP level 1. HP: 19/19 MP: 0/0
   227 | D:1      | Reached XP level 2. HP: 27/27 MP: 1/1
   598 | D:1      | Reached XP level 3. HP: 33/33 MP: 2/2
   777 | D:2      | Reached ** piety under Trog
   839 | D:2      | Found a shimmering altar of Xom.
  1069 | D:2      | Reached XP level 4. HP: 41/41 MP: 3/3
  1253 | D:2      | Reached skill level 5 in Axes
  1263 | D:2      | Found a faded altar of an unknown god.
  2129 | D:3      | Reached XP level 5. HP: 35/47 MP: 4/4
  2301 | D:3      | Found a glowing silver altar of Zin.
  2953 | D:4      | You fall into a shaft and drop 1 floor!
  2953 | D:5      | Entered Level 5 of the Dungeon
  3134 | D:5      | Found a blossoming altar of Fedhas.
  3200 | D:5      | Reached *** piety under Trog
  3279 | D:5      | Reached skill level 5 in Fighting
  3283 | D:5      | Identified the +5 flail of Moral Flaws {vorpal, rPois}
  3357 | D:5      | Reached XP level 6. HP: 56/56 MP: 5/5
  3509 | D:5      | Found Buivasiq's Antique Armour Emporium.
  3664 | D:6      | Reached skill level 5 in Armour
  3667 | D:6      | Reached XP level 7. HP: 47/61 MP: 6/6
  3728 | D:6      | Reached skill level 1 in Maces & Flails
  3728 | D:6      | Reached skill level 1 in Stealth
  4023 | D:6      | Reached skill level 1 in Polearms
  4023 | D:6      | Reached XP level 8. HP: 61/70 MP: 7/7
  4170 | D:6      | Found a runed translucent door.
  4173 | D:6      | Noticed funnyparkerb's ghost (novice MfMo)
  4323 | D:6      | Found Kuv Porch's One-of-a-Kind Rings.
  4340 | D:6      | Reached skill level 2 in Polearms
  4414 | D:6      | Found a shimmering altar of Xom.
  4414 | D:6      | Found a burning altar of Makhleb.
  4418 | D:6      | Reached skill level 3 in Polearms
  4458 | D:6      | Found a snail-covered altar of Cheibriados.
  4711 | D:7      | Reached skill level 4 in Polearms
  4854 | D:7      | Reached skill level 5 in Polearms
  4865 | D:7      | Reached skill level 6 in Polearms
  4881 | D:7      | Reached **** piety under Trog
  4882 | D:7      | Reached XP level 9. HP: 79/79 MP: 8/8
  5096 | D:7      | Reached skill level 7 in Polearms
  5370 | D:7      | Found a hazy altar of Hepliaklqana.
  5402 | D:7      | Found an ornate altar of the Wu Jian Council.
  5589 | D:8      | Noticed Pikel
  5604 | D:8      | Killed Pikel
  5605 | D:8      | Reached skill level 8 in Polearms
  5672 | D:8      | Found an ancient bone altar of Kikubaaqudgha.
  5673 | D:8      | Found a sacrificial altar of Ru.
  5676 | D:8      | Found an iron altar of Okawaru.
  5781 | D:8      | Found a stormy altar of Qazlal.
  5897 | D:8      | Reached skill level 9 in Polearms
  6259 | D:8      | Reached ***** piety under Trog
  6399 | D:8      | Noticed Grum
  6420 | D:8      | Killed Grum
  6421 | D:8      | Reached XP level 10. HP: 62/90 MP: 9/9
  6961 | D:8      | Reached skill level 10 in Polearms
  7874 | D:9      | Reached skill level 11 in Polearms
  8125 | D:9      | Found a runed translucent door.
  8126 | D:9      | Noticed Fractals's ghost (novice HuCj)
  8239 | D:9      | Found a broken altar of Ashenzari.
  8247 | D:9      | Found a radiant altar of Vehumet.
  9316 | D:10     | Entered Level 10 of the Dungeon
  9566 | D:10     | Received a gift from Trog
  9599 | D:10     | Killed from afar by an orc priest

Illustrated notes

Levels and vault maps discovered:
D:1:      minmay_arrival_radiant_lines, layout_rooms, minmay_misc_feat_chi
D:2:      minmay_evil_eye, layout_loops_cross, basic_altar,
          ebering_ecumenical_altar_sacrificial
D:3:      layout_basic, mainiacjoe_overflow_six_doors_small
D:4:      layout_basic, nicolae_elyvilon_peaceful_grove,
          lemuel_temple_firewalk_b, minmay_manual_moon
D:5:      layout_layer_cave, mainiacjoe_overflow_surrounded_room, serial_shops,
          shop, serial_park_tiny_2, kennysheep_doodads
D:6:      layout_basic, grunt_temple_overflow_champion_of_chaos,
          kennysheep_little_box, ebering_ghost_sewer_d,
          nicolae_shop_unique_rings
D:7:      layout_rooms, marbit_many_paths, pdpol_wu_jian_five_deadly_venoms,
          minmay_misc_feat_tower
D:8:      layout_basic, chequers_temple_overflow_statue_of_worship,
          serial_demonic, serial_demonic_d, serial_demonic_e, serial_demonic_b,
          serial_demonic_e, serial_demonic_g, serial_demonic_g,
          serial_demonic_b, minmay_curled_crystal, dk_noncrumbling_4, uniq_grum,
          uniq_pikel
D:9:      layout_stronghold, mainiacjoe_overflow_large_starburst,
          nicolae_overflow_hidden_temple, gammafunk_ghost_grave,
          minmay_misc_feat_doors, mrwooster_statue_mirror
D:10:     layout_stronghold, kennysheep_mini_moat, orc_david_3,
          serial_column_ruins, column_ruins_corridor_straight,
          column_ruins_columns_straight, column_ruins_open_medium,
          column_ruins_open_small, minivault_7, uniq_fannar

Skill      XL: |  1  2  3  4  5  6  7  8  9 10 |
---------------+-------------------------------+-----
Fighting       | 4 5 6 7 8 9 |  9.4
Axes           | 4 5 6 7 |  7.5
Armour         | 3 4 5 6 7 8 9 |  9.8
Dodging        | 3 |  3.6
Maces & Flails | 2 3 |  3.3
Stealth        | 1 |  1.6
Polearms       | 1 6 9 11 | 11.7

Action                   |  1- 3 |  4- 6 |  7- 9 | 10-12 || total
-------------------------+-------+-------+-------+-------++-------
Melee: Hand axe          |    73 |    83 |       |       ||   156
       Headbutt          |     9 |    24 |    42 |    29 ||   104
       Punch             |     3 |       |       |       ||     3
       Flail             |       |    23 |     5 |       ||    28
       Halberd           |       |       |   236 |    16 ||   252
       Glaive            |       |       |       |   122 ||   122
       Eveningstar       |       |       |       |    32 ||    32
Invok: Berserk           |       |     2 |     3 |     5 ||    10
Armor: Animal skin       |     2 |       |       |       ||     2
       Ring mail         |    22 |       |       |       ||    22
       Plate armour      |       |    61 |   195 |   188 ||   444
Dodge: Dodged            |    35 |    40 |   130 |   112 ||   317
